 Dungeon Crawl Stone Soup version 0.32-a0-893-gf85d74f360 (webtiles) character file.

Game seed: 14124449064282403940

516 Griffin23 the Slasher (level 7, 0/58 (61) HPs)
             Began as a Minotaur Fighter on Apr 4, 2024.
             Was a Believer of Zin.
             Slain by a phantom (1 damage)
             ... on level 5 of the Dungeon.
             The game lasted 00:10:17 (3938 turns).

Griffin23 the Slasher (Minotaur Fighter)            Turns: 3938, Time: 00:10:47

HP:   0/58 (61)     AC: 11    Str: 20 (22) XL:     7   Next: 0%
MP:   5/5           EV:  6    Int:  3 (5)  God:    Zin [**....]
Gold: 51            SH:  4    Dex:  8 (10) Spells: 6/6 levels left

rFire   + + .        a - +0 long sword
rCold   + . .        c - +0 buckler
rNeg    . . .        q - +0 chain mail
rPois   +            (helmet restricted)
rElec   +            (no cloak)
rCorr   +            y - +0 pair of gloves
SInv    .            (no boots)
Will    ++...        (no amulet) Stlth
                     m - ring of willpower
HPRegen 0.29/turn    d - ring of resist corrosion
MPRegen 0.09/turn

%: no passive effects
@: brilliant, silenced, resistant, enlightened, flying, hasted, lightly drained,
very quick
A: horns 2, retaliatory headbutt, fire resistance 1, low MP 1
a: Renounce Religion


You were on level 5 of the Dungeon.
You worshipped Zin.
Zin was pleased with you.
You visited 1 branch of the dungeon, and saw 5 of its levels.

You collected 262 gold pieces.
You spent 119 gold pieces at shops.
You donated 92 gold pieces to Zin.

Inventory:

Hand Weapons
 a - a +0 long sword (weapon)
Missiles
 i - 5 boomerangs (quivered)
 D - a throwing net
Armour
 b - a +0 scale mail
 c - a +0 buckler (worn)
 q - a +0 chain mail (worn)
 y - a +0 pair of gloves (worn)
Jewellery
 d - a ring of resist corrosion (right hand)
 m - a ring of willpower (left hand)
 t - a ring of see invisible
 u - a ring of willpower
Wands
 f - a wand of paralysis (9)
Scrolls
 e - a scroll of enchant weapon {unknown}
 g - a scroll of poison {unknown}
 k - 3 scrolls of brand weapon {unknown}
 l - a scroll of amnesia {unknown}
 n - 2 scrolls of revelation {unknown}
 o - 2 scrolls of blinking
 r - 2 scrolls of enchant armour {unknown}
 s - a scroll of fear {unknown}
 A - 2 scrolls of identify {unknown}
 B - 3 scrolls of vulnerability {unknown}
 C - a scroll of teleportation {unknown}
Potions
 j - a potion of mutation
 x - a potion of resistance


   Skills:
 + Level 5.3 Fighting
 * Level 6.0 Long Blades
 + Level 5.3 Armour
 + Level 5.4 Shields


You had 6 spell levels left.
You didn't know any spells.
Your spell library contained the following spells:

 Spells                   Type           Power      Damage    Failure   Level
 Sublimation of Blood     Necr           0%         N/A       100%        2
 Petrify                  Alch/Erth      0%         N/A       100%        4
 Irradiate                Conj/Alch      0%         3d11      100%        5


Dungeon Overview and Level Annotations

Branches:
Dungeon (5/15)
 Temple: D:4-7

Altars:
Ashenzari
Wu Jian
Zin

Shops:
D:4 =*:[=

Annotations:
D:3 3 runed translucent doors, Biggs's ghost, amateur CoGl


Innate Abilities, Weirdness & Mutations

You have a pair of horns on your head.
You reflexively headbutt those who attack you in melee.
Your flesh is heat resistant. (rF+)
Your magical capacity is low. (-10% MP)


Message History

The phantom is moderately damaged.
The centaur shoots an arrow.
You block the arrow.
The centaur shoots an arrow.
The arrow hits you.
* * * LOW HITPOINT WARNING * * *
The phantom hits you but does no damage.
You hit the phantom.
The phantom is moderately damaged.
The white imp gestures at you. The puff of frost hits you!
* * * LOW HITPOINT WARNING * * *
You block the phantom's attack.
It was a potion of resistance.
You feel protected.
The phantom hits you but does no damage.
It was a potion of curing.
You feel better.
The phantom hits you but does no damage.
The centaur shoots an arrow.
The arrow hits you but does no damage.
It was a potion of enlightenment.
You feel very buoyant.
You fly up into the air.
The centaur shoots an arrow.
The arrow hits you!
* * * LOW HITPOINT WARNING * * *
The phantom hits you.
* * * LOW HITPOINT WARNING * * *
The phantom blinks!
You blink.
It was a potion of haste.
You feel yourself speed up.
The phantom hits you but does no damage.
It was a potion of degeneration.
There was something very wrong with that liquid.
You feel weakened.
You feel dopey.
You feel clumsy.
The phantom hits you but does no damage.
It was a potion of brilliance.
You feel clever all of a sudden.
You feel extremely strange.
You feel stupid.
You regain control of your magic.
You feel resistant to heat. Zin protects your body from mutation!
You feel less energetic.
You feel extremely guilty.
The centaur shoots an arrow.
The arrow hits you.
* * * LOW HITPOINT WARNING * * *
The phantom hits you.
You die...

##########.##### ...# ....# ....#
#.######## ...#.....#.....#
#......... #..#..#..#..#..#..#
#.#######.
#..#..#..#..#..#..###+##....####.
#..#.....#..$..#......#..........
#..#.... #lg...#h..(. #.###.####.
#..####################.....####.
#.?........5o...@.......##......#
#.........c.....W.......##..####.
#!.####################..#..## ##
#..#...f.#.....# ##.#...## #
#..#...5.#.....# #.......# #
#..#..#..#..#..# ##.#....# #
#..#..#..#..#..# #..#....###
#.....#.....#... ##.........
#.... #..........


You could see a phantom, a centaur, a howler monkey, a white imp and an orc.

Vanquished Creatures
  A phantom (D:5)
  A jelly (D:4)
  A hound (D:5)
  A bombardier beetle (D:4)
  2 orc priests (D:3)
  A gnoll bouda (D:4)
  Ijyb (D:4)
  Robin (D:2)
  4 gnolls (D:4)
  5 adders
  A white imp (D:4)
  12 dart slugs
  4 ribbon worms
  3 orcs
  6 ball pythons
  6 bats
  3 endoplasms (D:4)
  4 giant cockroaches (D:3)
  19 goblins
  13 hobgoblins
  2 jackals (D:4)
  6 quokkas
  5 frilled lizards
  6 kobolds
  5 rats
113 creatures vanquished.

Notes
Turn   | Place    | Note
-------+----------+-------------------------------------------
     0 | D:1      | Griffin23 the Minotaur Fighter began the quest for the Orb.
     0 | D:1      | Reached XP level 1. HP: 19/19 MP: 0/0
   164 | D:1      | Reached XP level 2. HP: 27/27 MP: 1/1
   412 | D:1      | Reached skill level 3 in Long Blades
   973 | D:2      | Reached XP level 3. HP: 23/33 MP: 2/2
  1038 | D:2      | Noticed Robin
  1335 | D:2      | Killed Robin
  1339 | D:2      | Reached XP level 4. HP: 36/40 MP: 3/3
  1866 | D:3      | Reached skill level 4 in Long Blades
  2019 | D:3      | Found a broken altar of Ashenzari.
  2039 | D:3      | Found a glowing silver altar of Zin.
  2079 | D:3      | Became a worshipper of Zin the Law-Giver
  2079 | D:3      | Reached * piety under Zin
  2080 | D:3      | Donated 66 gold pieces to Zin
  2099 | D:3      | Found an ornate altar of the Wu Jian Council.
  2108 | D:3      | Reached XP level 5. HP: 20/47 MP: 4/4
  2679 | D:3      | Found a runed translucent gate.
  2680 | D:3      | Found a runed translucent gate.
  2680 | D:3      | Noticed Biggs's ghost (amateur CoGl)
  2682 | D:3      | Found a runed translucent gate.
  2736 | D:3      | Found a faded altar of an unknown god.
  2969 | D:4      | Reached ** piety under Zin
  3092 | D:4      | Reached skill level 5 in Long Blades
  3211 | D:4      | Reached XP level 6. HP: 49/55 MP: 5/5
  3244 | D:4      | Found a transporter.
  3301 | D:4      | Found Orikok's Assorted Antiques.
  3330 | D:4      | Reached skill level 5 in Fighting
  3330 | D:4      | Reached skill level 5 in Shields
  3345 | D:4      | Reached skill level 5 in Armour
  3353 | D:4      | Bought a lead wand for 68 gold pieces
  3353 | D:4      | Bought a scroll labelled ISUETY ECSUIKH for 17 gold pieces
  3353 | D:4      | Bought a scroll labelled GISIXUUSON for 17 gold pieces
  3353 | D:4      | Bought a scroll labelled KUG BINUOCZAB for 17 gold pieces
  3413 | D:4      | Found a transporter.
  3419 | D:4      | Found Paetoeloa's Jewellery Emporium.
  3597 | D:4      | Found Zoepla's Jewellery Shop.
  3658 | D:4      | Found Forelooch's Antique Armour Boutique.
  3660 | D:4      | Noticed Ijyb
  3677 | D:4      | Killed Ijyb
  3802 | D:4      | Found Ranwaid's Book Emporium.
  3838 | D:5      | Entered Level 5 of the Dungeon
  3921 | D:5      | Gained mutation: Your mind is acute. (Int +4, Str/Dex -1)
                  | [potion of mutation]
  3921 | D:5      | Gained mutation: Your spells are a little harder to cast,
                  | but a little more powerful. [potion of mutation]
  3926 | D:5      | Reached skill level 6 in Long Blades
  3926 | D:5      | Reached XP level 7. HP: 26/58 MP: 6/6
  3934 | D:5      | HP: 1/58 [phantom (2)]
  3938 | D:5      | Lost mutation: Your mind is acute. (Int +4, Str/Dex -1)
                  | [potion of mutation]
  3938 | D:5      | Lost mutation: Your spells are a little harder to cast, but
                  | a little more powerful. [potion of mutation]
  3938 | D:5      | Gained mutation: Your flesh is heat resistant. (rF+)
                  | [potion of mutation]
  3938 | D:5      | Gained mutation: Your magical capacity is low. (-10% MP)
                  | [potion of mutation]
  3938 | D:5      | Slain by a phantom

Illustrated notes

Levels and vault maps discovered:
D:1:      dpeg_arrival_brainrot, layout_basic, minmay_heptomino_l4
D:2:      layout_basic, uniq_robin
D:3:      kennysheep_slugbush, layout_rooms, nicolae_wu_jian_wuxing_cycle,
          mainiacjoe_overflow_alcove_2, ashenzari_altar_1,
          gammafunk_ghost_split, shapermc_ecumenical_altar_totnotflames
D:4:      minmay_chambers_of_twos, layout_basic, serial_shops,
          nicolae_shop_drivethru, nicolae_shop_stone, shop,
          nicolae_lakefront_shop, nicolae_shop_trees, uniq_ijyb
D:5:      kennysheep_windowed_halls, layout_loops_ring,
          mainiacjoe_overflow_small_starburst, mainiacjoe_overflow_swirl,
          portal_sewer_entry_e, uniq_sigmund

Skill      XL: |  1  2  3  4  5  6 |
---------------+-------------------+-----
Long Blades    | 3 4 5 6 |  6.0
Shields        | 4 5 |  5.4
Fighting       | 4 5 |  5.3
Armour         | 4 5 |  5.3

Action                     |  1- 3 |  4- 6 |  7- 9 || total
---------------------------+-------+-------+-------++-------
  Melee: Long sword        |    88 |   213 |     6 ||   307
         Headbutt          |     9 |    35 |       ||    44
 Invoke: Donate Gold       |       |     1 |       ||     1
    Use: Potion            |     1 |     3 |     7 ||    11
         Scroll            |       |     3 |       ||     3
   Stab: Invisible         |       |     3 |       ||     3
 Armour: Scale mail        |    73 |    14 |       ||    87
         Chain mail        |       |   220 |    21 ||   241
  Dodge: Dodged            |    38 |    91 |     2 ||   131
  Block: Buckler           |    24 |    54 |     3 ||    81

Table legend: (Time is in decaauts)
 A = Elapsed time spent in this place.
 B = Non-inter-level travel time spent in this place.
 C = Inter-level travel time spent in this place.
 D = Time resting spent in this place.
 E = Time spent auto-exploring this place.
 F = Levels seen in this place.
 G = Mean time per level.
                   A        B        C        D        E       F      G
               +--------+--------+--------+--------+--------+-----+--------+
         Total |   4023 |   3857 |    166 |    221 |   2734 |   5 |  804.6 |
       Dungeon |   4023 |   3857 |    166 |    221 |   2734 |   5 |  804.6 |
               +--------+--------+--------+--------+--------+-----+--------+

Top non-repeatable levels by time:
     D:2: 1086 daAuts
     D:4: 977 daAuts
     D:3: 947 daAuts
     D:1: 910 daAuts
     D:5: 101 daAuts
